Map: Site Delta LE

Players

A.I. 1 (Very Easy)

  • Race: Zerg Zerg
  • Spawn Location: 5:00

BuRny - Winner!

  • Race: Terran Terran
  • Spawn Location: 11:00

VOD

https://youtu.be/Zi3yKS2kPeE

Description

Time

  • Played on: July 24, 2024, 9:20 p.m.
  • Length: 8:55
Show
View Real Time Build Order
Export as new Build Order

A.I. 1 (Very Easy) Zerg 

Build Orders: Pool Only 

Get SALT Encoding   

  12  0:00  Drone  
  13  0:12  Overlord  
  13  0:16  Drone  
  14  0:36  Spawning Pool  
  14  0:37  Extractor  
  14  0:39  Drone  
  13  0:46  Drone  
  14  0:51  Overlord  
  14  1:22  Zergling x2  
  14  1:23  Queen  
  17  1:30  Roach Warren  
  16  1:33  Drone  
  16  1:37  Extractor  
  16  1:41  Drone  
  17  1:51  Zergling x2  
  18  1:59  Drone  
  19  2:07  Drone  
  20  2:16  Drone  
  20  2:20  Zergling x2  
  22  2:27  Overlord  
  22  2:30  Drone  
  23  2:37  Drone  
  24  2:44  Drone  
  24  2:48  Roach  
  27  5:12  Queen  
  26  5:14  Drone  
  21  5:21  Drone  
  16  5:29  Drone  
  8  5:43  Drone  
  8  5:51  Queen  
  7  6:25  Drone  
  3  6:36  Zergling x2  
  4  6:45  Spawning Pool  
  3  6:47  Drone  
Show
View Real Time Build Order
Export as new Build Order

BuRny Terran - Winner!

Build Orders: Liberator Opening, Reaper Expand, Mech 

Get SALT Encoding   

  12  0:00  SCV  
  13  0:12  SCV  
  14  0:17  Supply Depot  
  14  0:24  SCV  
  15  0:38  SCV  
  15  0:39  Barracks  
  16  0:43  Refinery  
  16  0:50  SCV  
  17  1:02  SCV  
  18  1:15  SCV  
  19  1:26  Orbital Command, Reaper  
  20  1:40  Command Center  
  20  1:51  Supply Depot  
  20  1:52  SCV  
  21  1:58  Marine  
  22  2:04  SCV  
  23  2:15  Factory  
  23  2:16  SCV  
  23  2:20  Barracks Reactor  
  24  2:28  SCV  
  25  2:38  Command Center  
  25  2:41  SCV  
  26  2:47  Refinery  
  26  2:53  Orbital Command  
  26  2:55  SCV  
  27  3:05  Starport  
  27  3:07  SCV  
  28  3:15  Hellion x2  
  28  3:18  SCV  
  33  3:20  SCV  
  33  3:23  Barracks Tech Lab  
  34  3:30  SCV  
  34  3:32  SCV  
  36  3:37  Hellion x2  
  40  3:42  SCV  
  40  3:44  SCV  
  42  3:49  Orbital Command  
  42  3:53  Liberator  
  42  3:55  SCV  
  46  3:56  SCV  
  46  3:58  Refinery  
  46  4:00  Refinery  
  46  4:02  Barracks Tech Lab  
  47  4:07  SCV  
  47  4:08  SCV  
  49  4:15  SCV  
  49  4:16  Armory  
  50  4:19  SCV  
  50  4:20  SCV  
  52  4:25  Factory  
  52  4:27  SCV  
  52  4:30  Factory  
  52  4:31  SCV  
  54  4:33  SCV  
  55  4:39  SCV  
  55  4:40  Supply Depot x2  
  55  4:41  Starport Reactor  
  55  4:43  SCV  
  55  4:44  Orbital Command  
  55  4:45  SCV  
  59  4:55  SCV  
  59  4:57  SCV  
  60  5:02  Supply Depot  
  60  5:03  Supply Depot  
  60  5:07  SCV  
  60  5:09  SCV x2  
  60  5:10  Thor  
  69  5:14  Thor  
  69  5:18  Medivac  
  77  5:24  Medivac, SCV x3  
  77  5:26  Supply Depot  
  82  5:30  Supply Depot  
  82  5:33  Supply Depot  
  82  5:36  SCV x3  
  82  5:37  Supply Depot  
  82  5:38  Terran Vehicle Weapons Level 1  
  82  5:42  Hellion  
  87  5:44  Hellion  
  87  5:45  Infernal Pre-Igniter  
  87  5:48  SCV x3  
  92  5:50  Supply Depot  
  92  5:56  Hellion  
  94  6:00  SCV x3  
  94  6:03  Hellion x2  
  101  6:09  Refinery  
  101  6:10  Refinery  
  101  6:12  SCV x3  
  101  6:13  Supply Depot, Hellion  
  101  6:15  Starport Tech Lab, Barracks Tech Lab  
  101  6:18  Hellion  
  108  6:19  Factory  
  108  6:24  SCV x2  
  110  6:26  Hellion x2  
  110  6:29  Factory  
  110  6:31  SCV  
  112  6:37  SCV x2  
  112  6:39  Command Center  
  114  6:41  Raven  
  114  6:42  Siege Tank  
  114  6:43  SCV  
  120  6:47  Hellion  
  120  6:49  SCV, Siege Tank, Hellion  
  120  6:51  SCV  
  129  6:58  Supply Depot  
  129  6:59  Supply Depot  
  129  7:04  Hellion x2  
  129  7:06  Supply Depot  
  133  7:09  Hellion  
  133  7:10  Hellion  
  133  7:14  Siege Tank  
  140  7:22  SCV, Raven, Siege Tank  
  146  7:23  SCV x2  
  146  7:27  Supply Depot x2  
  148  7:30  Supply Depot, Siege Tank  
  148  7:31  Hellion  
  148  7:32  Hellion  
  148  7:34  Hellion  
  148  7:35  Hellion  
  159  7:43  Engineering Bay  
  160  7:44  SCV x3  
  160  7:47  Siege Tank  
  165  7:54  Siege Tank  
  165  7:57  Hellion x3  
  165  7:58  Hellion  
  176  8:01  SCV, Raven  
  176  8:02  SCV x2, Siege Tank  
  184  8:14  SCV x3  
  184  8:18  Hellion x2  
  184  8:19  Refinery, Planetary Fortress, Siege Tank, Hellion  
  196  8:21  Hellion  
  196  8:22  Refinery  
  198  8:31  Hellion  
  200  8:39  Command Center  
  200  8:41  Command Center  
  200  8:47  Command Center  
  200  8:48  Factory  
  200  8:49  Factory x2  
Tags
 
Add a new tag
Caveats
  • Supply blocks, unpowered buildings, or Contaminate may cause inaccurate times.
  • Supply counts are checked every 10 seconds.